Map: Fields of Death

Players

MattBarry - Winner!

  • Race: Terran Terran
  • Spawn Location: 7:00

MattBarry - Winner!

  • Race: Zerg Zerg
  • Spawn Location: 6:00

bumblebee

  • Race: Terran Terran
  • League: Silver
  • Spawn Location: 12:00

RobTheViking

  • Race: Protoss Protoss
  • Spawn Location: 12:00

VOD

Have the link to the VOD?

Description

Time

  • Played on: Dec. 21, 2022, 2:11 a.m.
  • Length: 8:44
Show
View Real Time Build Order
Export as new Build Order

MattBarry Terran - Winner!

Build Orders: 2 Factory, Mech 

Get SALT Encoding   

  12  0:00  SCV  
  13  0:12  SCV  
  14  0:18  Supply Depot  
  14  0:25  SCV  
  15  0:40  SCV  
  15  0:41  Barracks  
  16  0:46  Refinery  
  16  0:52  SCV  
  17  1:04  SCV  
  18  1:16  SCV  
  19  1:28  Marine  
  19  1:29  Orbital Command  
  19  1:31  Supply Depot  
  20  1:52  Command Center  
  20  1:55  Barracks Reactor  
  20  1:59  SCV  
  21  2:08  Factory  
  21  2:12  SCV  
  22  2:27  SCV  
  23  2:32  Marine x2  
  25  2:37  Supply Depot  
  25  2:39  SCV, Refinery  
  26  2:54  Factory  
  26  2:59  SCV  
  26  3:00  Barracks Tech Lab  
  26  3:03  Orbital Command  
  27  3:12  Hellion x2  
  31  3:14  SCV  
  31  3:18  Supply Depot  
  32  3:26  SCV  
  33  3:32  SCV  
  34  3:36  Hellion x2  
  34  3:38  SCV  
  39  3:53  Factory Tech Lab  
  39  3:59  Hellion  
  39  4:00  Hellion  
  43  4:03  SCV x2  
  43  4:09  Supply Depot  
  45  4:10  Refinery  
  45  4:17  Armory  
  45  4:19  Starport  
  45  4:20  SCV x2  
  45  4:21  Hellion x2  
  51  4:30  Siege Tank  
  54  4:32  SCV x2  
  56  4:44  SCV x2  
  58  4:56  Hellion x2  
  62  5:02  Siege Tank  
  53  5:29  Refinery  
  53  5:32  Starport Reactor  
  53  5:34  Thor  
  50  5:49  Hellion x2  
  47  5:52  SCV  
  47  5:53  SCV  
  36  6:05  SCV x2  
  27  6:20  Thor  
  32  6:35  SCV x2  
  32  6:47  SCV x2  
  30  6:59  SCV x2  
  31  7:03  Thor  
  37  7:11  SCV x2  
  39  7:23  SCV x2  
  39  7:29  Starport Reactor  
  41  7:33  Factory  
  41  7:35  SCV x2  
  43  7:44  Refinery  
  43  7:47  SCV x2  
  45  7:56  Hellion x3  
  51  7:59  SCV x2  
  53  8:06  Supply Depot  
  53  8:07  Supply Depot  
  53  8:11  SCV  
  53  8:12  SCV  
  61  8:20  Hellion x2  
  61  8:23  SCV  
  61  8:24  SCV  
Show
View Real Time Build Order
Export as new Build Order

MattBarry Zerg - Winner!

Build Orders: Hatch First 

Get SALT Encoding   

  12  0:01  Drone  
  13  0:14  Drone  
  14  0:37  Hatchery  
  14  0:40  Drone  
  14  0:46  Overlord  
  14  1:06  Spawning Pool  
  14  1:07  Drone  
  14  1:15  Drone  
  14  1:17  Drone  
  16  1:37  Drone  
  16  1:39  Drone  
  18  1:42  Extractor  
  17  1:53  Queen  
  19  1:56  Queen  
  21  2:02  Drone x2  
  23  2:09  Drone  
  23  2:11  Drone  
  23  2:13  Drone  
  26  2:27  Overlord  
  26  2:28  Overlord  
  26  2:30  Drone  
  27  2:51  Drone x3  
  27  2:52  Drone x2  
  27  2:56  Extractor  
  31  3:00  Roach Warren  
  31  3:05  Queen  
  32  3:23  Drone x2  
  32  3:24  Drone x2, Overlord  
  36  3:28  Evolution Chamber  
  36  3:30  Evolution Chamber  
  34  3:39  Drone x2  
  36  3:41  Roach  
  38  4:07  Zerg Missile Weapons Level 1  
  38  4:09  Zerg Ground Armor Level 1  
  38  4:16  Hatchery  
  37  4:35  Roach x4, Hatchery  
  37  4:36  Roach  
  46  4:44  Lair  
  46  5:26  Spore Crawler  
  45  5:29  Spore Crawler  
  45  5:33  Queen  
  45  5:34  Spore Crawler  
  45  5:37  Spore Crawler  
  44  5:43  Overseer  
  44  6:05  Roach x5  
  44  6:06  Roach  
  54  6:25  Roach x7  
  62  6:40  Spore Crawler  
  42  7:15  Extractor  
  42  7:17  Extractor  
  42  7:19  Queen x2  
  42  7:23  Roach x2  
  38  7:44  Roach  
  38  7:45  Roach  
  38  7:47  Roach  
  44  8:07  Drone x3  
  44  8:08  Drone  
  44  8:09  Overlord x2  
  44  8:11  Overlord  
Show
View Real Time Build Order
Export as new Build Order

bumblebee Terran 

Build Orders:  

Get SALT Encoding   

  12  0:01  SCV  
  13  0:13  SCV  
  14  0:22  Supply Depot  
  14  0:25  SCV  
  15  0:39  Refinery  
  15  0:43  SCV  
  16  0:52  Barracks  
  16  0:56  SCV  
  17  1:08  SCV  
  17  1:09  Refinery  
  18  1:20  SCV  
  19  1:32  SCV  
  20  1:44  SCV  
  21  1:49  Factory  
  21  1:56  Orbital Command  
  21  2:07  Supply Depot  
  21  2:39  Starport, SCV  
  22  2:51  SCV  
  23  2:56  Starport  
  23  3:03  SCV  
  24  3:16  Starport Tech Lab  
  24  3:22  Fusion Core  
  24  3:24  SCV  
  25  3:36  Starport Tech Lab  
  25  3:41  Command Center  
  25  3:54  Supply Depot  
  25  4:10  Battlecruiser  
  25  4:15  SCV  
  32  4:27  SCV  
  33  4:35  Refinery  
  33  4:39  SCV  
  34  4:51  SCV  
  35  4:55  Refinery  
  35  5:04  SCV  
  34  5:11  Battlecruiser  
  8  7:10  SCV  
  9  7:22  SCV  
  4  7:34  SCV  
  5  7:46  SCV  
  6  7:58  SCV  
  7  8:10  SCV  
  8  8:22  Supply Depot  
  8  8:23  SCV  
  9  8:40  Command Center  
Show
View Real Time Build Order
Export as new Build Order

RobTheViking Protoss 

Build Orders:  

Get SALT Encoding   

  13  0:08  Probe  
  13  0:14  Pylon  
  13  0:21  Probe  
  14  0:35  Gateway  
  14  0:36  Probe  
  15  1:26  Probe  
  15  1:28  Assimilator  
  16  1:34  Assimilator  
  16  1:37  Cybernetics Core  
  16  1:38  Probe  
  17  1:40  Pylon x2  
  17  1:50  Probe  
  18  1:59  Pylon  
  18  2:02  Probe  
  18  2:04  Gateway  
  18  2:05  Warp Gate (Chrono Boost)  
  19  2:14  Probe  
  20  2:20  Gateway  
  20  2:26  Probe  
  20  2:27  Gateway  
  21  2:38  Probe  
  22  2:46  Gateway  
  22  2:51  Probe  
  23  2:57  Forge  
  23  3:08  Pylon  
  23  3:24  Pylon  
  23  3:40  Twilight Council, Pylon  
  23  3:42  Protoss Ground Weapons Level 1 (Chrono Boost)  
  23  4:10  Pylon  
  23  4:13  Blink (Chrono Boost)  
  23  4:29  Stalker x4  
  31  4:33  Stalker  
  33  4:53  Stalker x2  
  37  5:00  Stalker  
  39  5:14  Stalker  
  39  5:15  Stalker  
  43  5:29  Stalker  
  41  5:46  Stalker  
  41  5:47  Stalker  
  33  6:14  Stalker x4  
  35  6:29  Stalker  
  37  6:48  Stalker x3  
  43  6:59  Stalker  
  39  7:10  Stalker  
  31  7:23  Stalker x2  
  29  7:36  Stalker x3  
  31  7:48  Stalker  
  31  7:49  Stalker  
  35  8:01  Stalker  
  35  8:02  Stalker x2  
  41  8:09  Nexus  
  41  8:14  Stalker x2  
Tags
 
Add a new tag
Caveats
  • Supply blocks, unpowered buildings, or Contaminate may cause inaccurate times.
  • Supply counts are checked every 10 seconds.